 Dungeon Crawl Stone Soup version 0.19-a0-1091-g463c9de (webtiles) character file.

91 Jmtri7 the Chopper (level 4, -2/39 HPs)
             Began as a Hill Orc Fighter on Aug 7, 2016.
             Slain by Grinder (7 damage)
             ... on level 3 of the Dungeon.
             The game lasted 00:03:34 (1537 turns).

Jmtri7 the Chopper (Hill Orc Fighter)               Turns: 1537, Time: 00:03:35

Health: -2/39      AC: 11    Str: 19    XL:     4   Next: 57%
Magic:  4/4        EV:  3    Int:  8    God:
Gold:   101        SH:  9    Dex: 10    Spells: 0 memorised, 3 levels left

rFire  . . .     SeeInvis .     a - +0 war axe
rCold  . . .     Gourm    .     i - +0 plate armour
rNeg   . . .     Faith    .     c - +0 shield
rPois  .         Spirit   .     (no helmet)
rElec  .         Dismiss  .     (no cloak)
rCorr  .         Reflect  .     (no gloves)
SustAt +         Harm     .     (no boots)
MR     .....                    (no amulet)
Stlth  ..........               (no ring)
                                n - ring of sustain attributes

@: lethally poisoned (-2 -> -6)
A: no striking features
a: no special abilities


You were on level 3 of the Dungeon.
You were not hungry.

You visited 1 branch of the dungeon, and saw 3 of its levels.

You collected 101 gold pieces.

Inventory:

Hand Weapons
 a - a +0 war axe (weapon)
Armour
 c - a +0 shield (worn)
 i - a +0 plate armour (worn)
Jewellery
 n - a ring of sustain attributes (left hand)
Wands
 x - a wand of confusion (13/48)
Scrolls
 b - 4 scrolls of recharging {unknown}
 e - a scroll of amnesia {unknown}
 g - a scroll of fog {unknown}
 m - a scroll of magic mapping {unknown}
 o - a scroll of remove curse {unknown}
 p - a scroll of teleportation {unknown}
 s - a scroll of fear {unknown}
Potions
 d - a potion of might
 h - 2 potions of flight {unknown}
 j - a potion of brilliance {unknown}
 k - a potion of cancellation {unknown}
 l - a potion of heal wounds {unknown}
 q - a potion of invisibility {unknown}
 t - a potion of ambrosia {unknown}
 v - a potion of curing {unknown}
Books
 u - a book of Alchemy

   Spells                             Type                      Level
   a - Sublimation of Blood           Necromancy                   2
   b - Ignite Poison                  Fire/Transmutation/Poison    3
   c - Petrify                        Transmutation/Earth          4
   d - Alistair's Intoxication        Transmutation/Poison         5
   e - Irradiate                      Conjuration/Transmutation    5
Comestibles
 f - 3 bread rations
 r - a slice of pizza
 w - 4 chunks of flesh


   Skills:
 - Level 3.6 Fighting
 + Level 6.1 Axes
 - Level 3.2 Armour
 - Level 3.2 Shields


You had 3 spell levels left.
You didn't know any spells.

Dungeon Overview and Level Annotations

Branches:
Dungeon (3/15)

Altars:
Elyvilon
Hepliaklqana
Qazlal
Uskayaw
Xom
Yredelemnul

Annotations:
D:3 Grinder


Message History

The kobold hits you but does no damage.
Grinder blinks!
You block the kobold's attack.
You closely miss the kobold.
You feel sick. The kobold barely misses you.
You completely miss the kobold.
You feel sick. You block the kobold's attack.
Grinder blinks!
You slash the kobold!
You kill the kobold!
You feel sick.
You hit Grinder but do no damage.
Grinder is severely wounded.
You feel sick.
Grinder blinks!
You feel sick.
Things that are here:
an uncursed blowgun; 24 sling bullets Grinder gestures at you.
Pain shoots through your body!
* * * LOW HITPOINT WARNING * * *
* * * LOW HITPOINT WARNING * * *
You feel sick. Grinder hits you!
You die...

#. #..._(..##.(####.
#. ###.....##.......
##.# #..(..###.#####
#... #####........#
#... .(.#..####..#
##...####.#..<###..#
#....)..(.((...##..#
#.#..#..#..........#
#....@#...#.#....#
#.....5.........##
#.###.#..#..##.##
..< (....#.## .#
.### #####.#.# .# #
#.... .. ...


You could see Grinder.

Vanquished Creatures
  3 gnolls (D:2)
  3 adders (D:2)
  A dart slug (D:1)
  A worm (D:2)
  2 giant geckos (D:2)
  A giant cockroach (D:2)
  A hobgoblin (D:1)
  2 jackals (D:3)
  8 kobolds
  4 bats
  3 giant newts (D:2)
  2 rats
31 creatures vanquished.

Notes
Turn   | Place    | Note
-------+----------+-------------------------------------------
     0 | D:1      | Jmtri7 the Hill Orc Fighter began the quest for the Orb.
     0 | D:1      | Reached XP level 1. HP: 19/19 MP: 1/1
    53 | D:1      | Found a shimmering altar of Xom.
    67 | D:1      | Reached skill level 3 in Axes
   191 | D:1      | Reached XP level 2. HP: 26/26 MP: 2/2
   632 | D:2      | Reached skill level 4 in Axes
   654 | D:2      | Reached XP level 3. HP: 18/31 MP: 3/3
   857 | D:2      | Reached skill level 5 in Axes
  1039 | D:2      | Reached XP level 4. HP: 27/39 MP: 4/4
  1060 | D:2      | Reached skill level 6 in Axes
  1446 | D:3      | Found a basalt altar of Yredelemnul.
  1446 | D:3      | Found a shimmering altar of Xom.
  1447 | D:3      | Found a stormy altar of Qazlal.
  1447 | D:3      | Found a white marble altar of Elyvilon.
  1449 | D:3      | Found a hazy altar of Hepliaklqana.
  1450 | D:3      | Found a hide-covered altar of Uskayaw.
  1517 | D:3      | Noticed Grinder
  1537 | D:3      | Slain by Grinder

Vault maps used:
D:1:      minmay_arrival_arboretum_large, xom_teletrap_fun
D:3:      grunt_temple_overflow_open, cheibriados_altar_1, uniq_grinder

Skill      XL: |  1  2  3  4 |
---------------+-------------+-----
Axes           | 3 4 5 6 |  6.1
Fighting       | |  3.6
Armour         | |  3.2
Shields        | |  3.2

Action                   |  1- 3 |  4- 6 || total
-------------------------+-------+-------++-------
Melee: War axe           |   126 |    33 ||   159
  Eat: Chunk             |     1 |     1 ||     2
Armor: Scale mail        |    14 |       ||    14
       Plate armour      |    88 |    15 ||   103
Dodge: Dodged            |    22 |    10 ||    32
Block: Shield            |    72 |    20 ||    92
